 Dungeon Crawl Stone Soup version 0.24-a0-184-gcb5ae2c (webtiles) character file.

Game seed: 1690271941926130184

69 Dfrag the Firebug (level 4, 2/30 HPs)
             Began as a Demonspawn Fire Elementalist on Mar 15, 2019.
             Quit the game on level 2 of the Dungeon.
             The game lasted 00:01:55 (1195 turns).

Dfrag the Firebug (Demonspawn Fire Elementalist)    Turns: 1195, Time: 00:01:55

Health: 2/30       AC:  2    Str: 13    XL:     4   Next: 2%
Magic:  5/8        EV: 12    Int: 17    God:
Gold:   90         SH:  0    Dex: 14    Spells: 7/8 levels left

rFire    . . .     SeeInvis .   b - +2 short sword (venom)
rCold    . . .     Gourm    .   (no shield)
rNeg     . . .     Faith    .   a - +0 robe
rPois    .         Spirit   .   (no helmet)
rElec    .         Reflect  .   (no cloak)
rCorr    .         Harm     .   (no gloves)
MR       .....                  (no boots)
Stlth    ++........             e - amulet of rage
HPRegen  0.10/turn              j - +5 ring of strength
MPRegen  0.11/turn              (no ring)

@: very slightly contaminated
A: claws 1, rot immunity
a: Evoke Berserk Rage


You were on level 2 of the Dungeon.
You were not hungry.

You visited 1 branch of the dungeon, and saw 2 of its levels.

You collected 90 gold pieces.

Inventory:

Hand Weapons
 b - a +2 short sword of venom (weapon)
Armour
 a - a +0 robe (worn)
Jewellery
 e - an amulet of rage (around neck)
 j - a +5 ring of strength (left claw)
Scrolls
 f - a scroll of fog {unknown}
 g - a scroll of amnesia {unknown}
 i - a scroll of random uselessness {unknown}
 l - a scroll of teleportation {unknown}
 m - 3 scrolls of enchant armour {unknown}
Potions
 d - a potion of curing {unknown}
 h - a potion of might {unknown}
 k - a potion of lignification {unknown}
Comestibles
 c - 2 rations


   Skills:
 - Level 1.7 Dodging
 - Level 1.7 Stealth
 + Level 2.8 Spellcasting
 + Level 2.2 Conjurations
 + Level 3.4 Fire Magic


You had 7 spell levels left.
You knew the following spells:

 Your Spells              Type           Power        Failure   Level  Hunger
a - Flame Tongue          Conj/Fire      ##...        5%          1    #......

Your spell library contained the following spells:

 Spells                   Type           Power        Failure   Level  Hunger
 Throw Flame              Conj/Fire      ##....       9%          2    ##.....
 Conjure Flame            Conj/Fire      ##......     17%         3    ###....
 Inner Flame              Hex/Fire       #.......     26%         3    ###....
 Sticky Flame             Conj/Fire      ##......     50%         4    #####..
 Fireball                 Conj/Fire      ##........   83%         5    ######.


Dungeon Overview and Level Annotations

Branches:
Dungeon (2/15)

Altars:


Innate Abilities, Weirdness & Mutations

You have sharp fingernails.
You are immune to rotting.


Message History

Aiming: Flame Tongue (safe; 5% risk of failure)
Press: ? - help, Shift-Dir - straight line, f/p - jackal
Aim: a jackal (almost dead)
The flame tongue misses the jackal.
The jackal closely misses you. The jackal misses you.
The jackal closely misses you. The jackal barely misses you.
You closely miss the jackal. The jackal bites you.
* * * LOW HITPOINT WARNING * * *
You barely miss the jackal. The jackal bites you.
* * * LOW HITPOINT WARNING * * *
The jackal bites you.
* * * LOW HITPOINT WARNING * * *
You hit the jackal.
The jackal is poisoned.
The jackal is moderately wounded.
The jackal bites you but does no damage.
You hit the jackal.
The jackal looks as sick as possible!
The jackal is almost dead.
You kill the jackal!
The jackal closely misses you.
Are you sure you want to abandon this character and quit the game? (Confirm with "yes".)

. . #####. #..<$#
# #.##.#
.#.####.##?#
........##.###.#
........@h.†...#
.#####.##........
###.##########
###...####### .
#...........#
..#.[.........#
........#.##..#
#.#.###.#.# .# #
#..##..##


You could see a jackal.

Vanquished Creatures
  An adder (D:2)
  A dart slug (D:2)
  6 leopard geckos
  5 bats (D:1)
  6 giant cockroaches (D:1)
  A goblin (D:1)
  7 hobgoblins
  6 jackals
  3 kobolds
  3 frilled lizards
  9 rats
48 creatures vanquished.

Notes
Turn   | Place    | Note
-------+----------+-------------------------------------------
     0 | D:1      | Dfrag the Demonspawn Fire Elementalist began the quest for
                  | the Orb.
     0 | D:1      | Reached XP level 1. HP: 13/13 MP: 3/3
    54 | D:1      | Gained mutation: You have sharp fingernails. [demonic
                  | ancestry]
    54 | D:1      | Reached XP level 2. HP: 9/19 MP: 0/5
    67 | D:1      | Reached skill level 3 in Fire Magic
   420 | D:1      | Reached XP level 3. HP: 15/24 MP: 0/6
  1182 | D:2      | Gained mutation: You are immune to rotting. [demonic
                  | ancestry]
  1182 | D:2      | Reached XP level 4. HP: 26/30 MP: 8/8
  1195 | D:2      | Quit the game

Levels and vault maps discovered:
D:1:      erik_arrival_blinker_ship, layout_basic, minmay_tall_x
D:2:      layout_loops_ring, first_ration, wander_ebering_terrifying_dragon_lair

Skill      XL: |  1  2  3 |
---------------+----------+-----
Fire Magic     | 3 |  3.4
Conjurations   | 2 |  2.2
Dodging        | |  1.7
Stealth        | |  1.7
Spellcasting   | |  2.8

Action                   |  1- 3 |  4- 6 || total
-------------------------+-------+-------++-------
Melee: Short sword       |    74 |     6 ||    80
 Cast: Flame Tongue      |    32 |     3 ||    35
 Stab: Sleeping          |     1 |       ||     1
  Eat: Chunk             |     1 |       ||     1
Armor: Robe              |    19 |     4 ||    23
Dodge: Dodged            |    73 |    10 ||    83

Table legend:
 A = Non-vault XP
 B = Vault XP
 C = Vault XP percentage of total XP
 D = Non-vault monster count
 E = Vault monster count
 F = Vault count percentage of total count
                 A         B        C        D         E       F
            +---------+---------+-------+---------+---------+-------
      Total |      93 |       6 |   6.1 |      44 |       4 |   8.3
            +---------+---------+-------+---------+---------+-------
        D:1 |      53 |       6 |  10.2 |      29 |       4 |  12.1
        D:2 |      40 |       0 |   0.0 |      15 |       0 |   0.0
            +---------+---------+-------+---------+---------+-------
